 Dungeon Crawl Stone Soup version 0.26.0-10-g1f06aea511 (webtiles) character file.

Game seed: 2058414301113456882

660 Dracia the Twirler (level 7, -5/56 HPs)
             Began as a Demonspawn Gladiator on Jan 21, 2021.
             Slain by an iguana (9 damage)
             ... on level 4 of the Dungeon on Jan 22, 2021.
             The game lasted 00:07:08 (4514 turns).

Dracia the Twirler (Demonspawn Gladiator)           Turns: 4514, Time: 00:07:09

Health: -5/56      AC: 11    Str: 15    XL:     7   Next: 30%
Magic:  7/7        EV: 12    Int: 10    God:
Gold:   377        SH:  0    Dex: 15    Spells: 6/6 levels left

rFire    + . .     SeeInvis .   a - +1 quarterstaff
rCold    . . .     Faith    .   (shield currently unavailable)
rNeg     . . .     Spirit   .   k - +0 ring mail
rPois    .         Reflect  .   c - +1 helmet
rElec    .         Harm     .   (no cloak)
rCorr    .         Rampage  .   t - +0 pair of gloves
Will     .....                  (no boots)
Stlth    +.........             (no amulet)
HPRegen  0.18/turn              (no ring)
MPRegen  0.10/turn              (no ring)

@: no status effects
A: icy blue scales 1, fire resistance 1
a: no special abilities


You were on level 4 of the Dungeon.
You visited 1 branch of the dungeon, and saw 4 of its levels.
You also visited: Ossuary.

You collected 377 gold pieces.


Innate Abilities, Weirdness & Mutations

You are partially covered in icy blue scales. (AC +2)
Your flesh is heat resistant. (rF+)


   Skills:
 - Level 5.0 Fighting
 - Level 5.0 Staves
 - Level 1.7 Throwing
 + Level 3.9 Armour
 - Level 2.7 Dodging


You had 6 spell levels left.
You didn't know any spells.
Your spell library was empty.

Inventory:

Hand Weapons
 a - a +1 quarterstaff (weapon)
Missiles
 d - 3 throwing nets (quivered) {=f=f}
 n - 19 poisoned darts
 o - 8 datura-tipped darts
Armour
 b - a +0 leather armour
 c - a +1 helmet (worn)
 k - a +0 ring mail (worn)
 t - a +0 pair of gloves (worn)
Jewellery
 f - a cursed ring of teleportation {unknown}
 i - a cursed -4 ring of protection {unknown}
Scrolls
 e - 2 scrolls of teleportation {@r4@r4}
 g - 2 scrolls of immolation
 j - 2 scrolls of identify {@r1@r1}
 p - a scroll of remove curse {@r2@r2}
 u - a scroll of fog
Potions
 h - 2 potions of attraction
 l - a potion of might {unknown}
 m - a potion of brilliance
 q - a potion of curing {@q1@q1}

Dungeon Overview and Level Annotations

Branches:
Dungeon (4/15)            Ossuary (visited)
 Temple: D:4-7

Altars:
Nemelex Xobeh
Uskayaw .. $. .# .. .# .. .# ## .# .# # .# #.##.# #.l@.# ######

You could see an iguana.


Message History

You hit the iguana.
The iguana is lightly wounded.
The iguana misses you.
You hit the iguana but do no damage.
The iguana is lightly wounded.
The iguana barely misses you.
You hit the iguana.
The iguana is moderately wounded.
The iguana barely misses you. The iguana bites you.
* * * LOW HITPOINT WARNING * * *
You barely miss the iguana.
The iguana is moderately wounded.
The iguana bites you but does no damage.
You hit the iguana but do no damage.
The iguana is moderately wounded.
The iguana barely misses you.
You hit the iguana.
The iguana is moderately wounded.
The iguana bites you!
* * * LOW HITPOINT WARNING * * *
You barely miss the iguana.
The iguana is moderately wounded.
The iguana misses you.
You hit the iguana but do no damage.
The iguana is moderately wounded.
The iguana bites you but does no damage.
You hit the iguana but do no damage.
The iguana is moderately wounded.
The iguana bites you!
You die...

Skill      XL: |  1  2  3  4  5  6  7 |
---------------+----------------------+-----
Staves         | 3 4 5 |  5.0
Fighting       | 4 5 |  5.0
Armour         | 2 3 |  3.9
Throwing       | |  1.7
Dodging        | |  2.7

Action                   |  1- 3 |  4- 6 |  7- 9 || total
-------------------------+-------+-------+-------++-------
Melee: Quarterstaff      |   127 |   159 |    80 ||   366
  Use: Scroll            |     7 |     3 |     1 ||    11
       Potion            |       |     6 |     1 ||     7
 Stab: Invisible         |       |     5 |       ||     5
Armor: Leather armour    |    20 |       |       ||    20
       Ring mail         |    39 |    68 |    25 ||   132
       Skin              |       |    12 |       ||    12
Dodge: Dodged            |    83 |   103 |    51 ||   237

Levels and vault maps discovered:
D:1:      heliophobic_arrival_ceremonial_halls, layout_basic,
          grunt_decor_arrowhead, minmay_box_of_dots
D:2:      layout_loops_corners, nemelex_dance_club_becter
D:3:      layout_basic, minmay_randomly_rotated_circles, uniq_robin
D:4:      layout_basic, lemuel_doored_altar, nicolae_ossuary_entry_giza,
          uniq_duvessa, uniq_edmund

Notes
Turn   | Place    | Note
-------+----------+-------------------------------------------
     0 | D:1      | Dracia the Demonspawn Gladiator began the quest for the
                  | Orb.
     0 | D:1      | Reached XP level 1. HP: 16/16 MP: 1/1
    52 | D:1      | Reached skill level 3 in Staves
    95 | D:1      | Gained mutation: You are partially covered in icy blue
                  | scales. (AC +2) [demonic ancestry]
    95 | D:1      | Reached XP level 2. HP: 21/22 MP: 2/2
  1540 | D:2      | Reached XP level 3. HP: 5/27 MP: 3/3
  1900 | D:2      | Reached skill level 4 in Staves
  2253 | D:2      | Found a sparkling altar of Nemelex Xobeh.
  2501 | D:3      | Gained mutation: Your flesh is heat resistant. (rF+)
                  | [demonic ancestry]
  2501 | D:3      | Reached XP level 4. HP: 27/33 MP: 4/4
  2873 | D:3      | Noticed Robin
  2908 | D:3      | Killed Robin
  2914 | D:3      | Reached skill level 5 in Staves
  3434 | D:4      | Reached XP level 5. HP: 39/39 MP: 5/5
  3443 | D:4      | Noticed Dowan
  3443 | D:4      | Noticed Duvessa
  3467 | D:4      | Killed Duvessa
  3468 | D:4      | Reached skill level 4 in Fighting
  3468 | D:4      | HP: 4/42 [Dowan/shard of ice (7)]
  3473 | D:4      | HP: 2/42 [Dowan/+0 dagger (3)]
  3474 | D:4      | Identified a potion of resistance
  3484 | D:4      | HP: 5/63 [Dowan/+0 dagger (1)]
  3488 | D:4      | HP: 2/63 [Dowan/+0 dagger (1)]
  3490 | D:4      | Killed Dowan
  3491 | D:4      | Reached XP level 6. HP: 3/49 MP: 6/6
  3747 | D:4      | Reached skill level 5 in Fighting
  3845 | D:4      | Found a hide-covered altar of Uskayaw.
  3874 | D:4      | Noticed Edmund
  3882 | D:4      | Reached skill level 1 in Armour
  3909 | D:4      | Killed Edmund
  3910 | D:4      | Reached skill level 2 in Armour
  3913 | D:4      | Reached XP level 7. HP: 9/56 MP: 7/7
  3953 | D:4      | HP: 4/56 [iguana (12)]
  3957 | D:4      | HP: 1/56 [iguana (4)]
  3966 | D:4      | Reached skill level 3 in Armour
  3975 | D:4      | Found a sand-covered staircase.
  3983 | Ossuary  | Entered an ossuary
  4511 | D:4      | HP: 3/56 [iguana (9)]
  4514 | D:4      | Slain by an iguana

Vanquished Creatures
  Edmund (D:4)
  Duvessa (D:4)
  Dowan (D:4)
  A hound (D:4)
  A jelly (D:4)
  An orc priest (D:4)
  An orc wizard (D:4)
  An iguana (D:4)
  A worker ant (D:4)
  2 big kobold zombies (Ossuary)
  3 mummies
  Robin (D:3)
  3 adders
  3 oozes
  2 worms (D:3)
  2 dart slugs
  2 leopard geckos
  8 orcs
  3 giant cockroaches
  2 gnoll zombies (Ossuary)
  14 goblins
  15 hobgoblins
  A jackal (D:3)
  6 kobolds
  A ball python (D:1)
  6 bats
  2 frilled lizards
  5 goblin zombies (Ossuary)
  4 hobgoblin zombies
  A kobold zombie (D:4)
  2 orc zombies (Ossuary)
  3 rats
100 creatures vanquished.

Table legend: (Time is in decaauts)
 A = Elapsed time spent in this place.
 B = Non-inter-level travel time spent in this place.
 C = Inter-level travel time spent in this place.
 D = Time resting spent in this place.
 E = Time spent auto-exploring this place.
 F = Levels seen in this place.
 G = Mean time per level.
                   A        B        C        D        E       F      G
               +--------+--------+--------+--------+--------+-----+--------+
         Total |   4541 |   4393 |    148 |    768 |   2756 |   5 |  908.2 |
       Dungeon |   4085 |   3937 |    148 |    464 |   2689 |   4 | 1021.2 |
       Ossuary |    456 |    456 |      0 |    304 |     67 |   1 |  456.0 |
               +--------+--------+--------+--------+--------+-----+--------+

Top non-repeatable levels by time:
     D:1: 1176 daAuts
     D:2: 1166 daAuts
     D:3: 1106 daAuts
     D:4: 635 daAuts
 Ossuary: 456 daAuts

Table legend:
 A = Non-vault XP
 B = Vault XP
 C = Vault XP percentage of total XP
 D = Non-vault monster count
 E = Vault monster count
 F = Vault count percentage of total count
                 A         B        C        D         E       F
            +---------+---------+-------+---------+---------+-------
      Total |     377 |     566 |  60.0 |      55 |      45 |  45.0
            +---------+---------+-------+---------+---------+-------
        D:1 |      25 |       7 |  21.9 |      13 |       3 |  18.8
        D:2 |      29 |       9 |  23.7 |       9 |       2 |  18.2
        D:3 |      67 |      51 |  43.2 |      23 |      18 |  43.9
        D:4 |     256 |     397 |  60.8 |      10 |       6 |  37.5
    Ossuary |       0 |     102 | 100.0 |       0 |      16 | 100.0
            +---------+---------+-------+---------+---------+-------
